 Dungeon Sprint DCSS version 0.29-a0-330-g52719c12eb (webtiles) character file.

Game seed: 16470049395100630431

61730 mhtbhm the Merfolkian Porcupine (level 15, -34/159 HPs)
             Began as a Merfolk Berserker on Apr 12, 2022.
             Was the Champion of Trog.
             Killed from afar by an ironbound thunderhulk (37 damage)
             ... with a bolt of lightning
             ... in the Dungeon (Sprint IX: "|||||||||||||||||||||||||||||").
             The game lasted 00:09:52 (7343 turns).

mhtbhm the Merfolkian Porcupine (Merfolk Berserker) Turns: 7343, Time: 00:09:53

Health: -34/159    AC: 20    Str: 28    XL:     15   Next: 3%
Magic:  15/15      EV: 18    Int:  6    God:    Trog [******]
Gold:   685        SH:  0    Dex: 14    Spells: 14/14 levels left

rFire   . . .      SeeInvis .   a - +3 bardiche (vorpal)
rCold   . . .      Faith    .   (shield currently unavailable)
rNeg    . . .      Spirit   .   z - +2 scale mail {rPois}
rPois   +          Reflect  .   k - +0 helmet
rElec   .          Harm     .   D - +1 cloak
rCorr   .          Rampage  .   (no gloves)
Will    +....      NoTele   +   u - +0 pair of boots
Stlth   +++.......              (no amulet)
HPRegen 0.36/turn               l - +3 ring of strength
MPRegen 0.14/turn               m - +2 ring of protection

@: on berserk cooldown, slowed, very slow
A: (nimble swimmer 2), mertail
a: Renounce Religion, Berserk, Trog's Hand, Brothers in Arms


You were in the Dungeon.
You worshipped Trog.
Trog was exalted by your worship.
You visited 1 branch You collected 1902 gold pieces.
You spent 1217 gold pieces at shops.

Inventory:

Hand Weapons
 a - a +3 vorpal bardiche (weapon)
 r - a +5 vorpal demon trident
Armour
 b - +0 swamp dragon scales
 k - a +0 helmet (worn)
 u - a +0 pair of boots (worn)
 v - a +2 chain mail of positive energy
 z - a +2 scale mail of poison resistance (worn)
 D - a +1 cloak (worn)
Jewellery
 l - a +3 ring of strength (left hand)
 m - a +2 ring of protection (right hand)
 A - a ring of protection from fire
 B - a ring of protection from fire
 C - a ring of poison resistance
Wands
 n - a wand of polymorph (7)
Scrolls
 h - a scroll of blinking
 o - 4 scrolls of identify
 p - 3 scrolls of fog
 q - 6 scrolls of fear
 s - a scroll of immolation
 w - 5 scrolls of enchant weapon
 x - a scroll of magic mapping
Potions
 c - 4 potions of curing
 d - 11 potions of heal wounds
 e - 3 potions of haste
 f - 4 potions of magic
 g - 3 potions of berserk rage
 i - a potion of invisibility


   Skills:
 O Level 27 Fighting
 O Level 27 Polearms
 + Level 16.7 Armour
 + Level 16.7 Dodging
 + Level 8.8 Stealth
 + Level 6.2 Evocations


You had 14 spell levels left.
You didn't know any spells.
Your spell library was empty.

Dungeon Overview and Level Annotations

Branches:
Dungeon (1/1)

Altars:
Cheibriados
Dithmenos
Elyvilon
Fedhas
Gozag
Hepliaklqana
Kikubaaqudgha
Makhleb
Nemelex Xobeh
Okawaru
Qazlal
Ru
Sif Muna
Trog
Uskayaw
Vehumet
Wu Jian
Xom
Yredelemnul
Zin
The Shining One
Beogh
Jiyva
Lugonu

Shops:
D ?([*


Innate Abilities, Weirdness & Mutations

((You are very nimble when in or above water. (Stealth+, EV+, Speed+++)))
Your lower body shifts to a powerful aquatic tail in water.


Message History

Your cyclops hits the great orb of eyes!
The great orb of eyes dies!
Trog accepts your kill.
The yaktaur captain wields a +0 arbalest.
The yaktaur captain shoots a bolt.
The bolt hits your cyclops!!
Unknown command.
Unknown command.
Your cyclops hits the yaktaur captain!!!
The yaktaur captain shoots a bolt.
The bolt hits your cyclops!!!
Your cyclops dies!
Your cyclops's corpse disappears in a puff of smoke!
Things that are here:
a +2 halberd; a +0 morningstar; a +0 ring mail A vault sentinel comes into view.
It is wielding a +0 long sword.
The runic seal fades away.
The vault warden activates a sealing rune.
The yaktaur captain shoots a bolt.
The bolt hits you!!
Items here: )) [[ ††.
An ironbound thunderhulk comes into view.
It is wielding a +0 great mace.
The ironbound thunderhulk shouts!
The yaktaur captain shoots a bolt.
The bolt hits you!!
Electricity crackles from the ironbound thunderhulk's apparatus.
The bolt of lightning hits you!!!
The yaktaur captain shoots a bolt.
The bolt hits you!
The vault sentinel shouts!
Things that are here:
a +3 great mace of distortion; a +0 chain mail Unknown command.
A dire elephant comes into view.
The dire elephant trumpets!
The vault sentinel blows a loud note on a signal horn!
Electricity crackles from the ironbound thunderhulk's apparatus.
The bolt of lightning hits you!!!
* * * LOW HITPOINT WARNING * * *
The vault warden activates a sealing rune.
The yaktaur captain unwields a +0 arbalest.
The yaktaur captain hits you but does no damage.
Electricity crackles from the ironbound thunderhulk's apparatus.
The bolt of lightning hits you!!!
You die...

'......[.))....)'...†.![..[[[=))[
▓▓▓▓▓▓▓▓▓▓▓▓▓▓▓▓▓▓▓▓▓▓▓▓▓▓▓▓▓▓▓▓▓
.................................
▓▓▓▓▓▓▓▓▓▓▓▓▓▓▓▓▓▓▓▓▓▓▓▓▓▓▓▓▓▓▓▓▓
...'......)))')....)...').......)
▓▓▓▓▓▓▓▓▓▓▓▓▓▓▓▓▓▓▓▓▓▓▓▓▓▓▓▓▓▓▓▓▓
............)....................
▓▓▓▓▓▓▓▓▓▓▓▓▓▓▓▓▓▓▓▓▓▓▓▓▓▓▓▓▓▓▓▓▓
YOpkppc@)))))+...[))....
▓▓▓▓▓▓▓▓▓▓▓▓▓▓▓▓▓▓▓▓▓▓▓▓


You could see a dire elephant, 2 vault wardens, an ironbound thunderhulk, a
yaktaur captain, a vault sentinel (catching breath) and a lindwurm.

Vanquished Creatures
  A lich (D)
  A quicksilver dragon (D)
  A sphinx (D)
  Agnes (D)
  A fire giant (D)
  A vault warden (D)
  A frost giant (D)
  A ghost moth (D)
  3 stone giants (D)
  2 ironbound preservers (D)
  A spriggan defender (D)
  An eleionoma (D)
  2 very ugly things (D)
  A vampire knight (D)
  2 entropy weavers (D)
  A spark wasp (D)
  A bunyip (D)
  An ettin (D)
  4 fire dragons (D)
  A naga warrior (D)
  2 rakshasas (D)
  An ogre mage (D)
  A catoblepas (D)
  A centaur warrior (D)
  2 two-headed ogres (D)
  A merfolk aquamancer (D)
  6 death yaks (D)
  A satyr (D)
  5 orc high priests (D)
  3 deep troll shamans (D)
  2 naga sharpshooters (D)
  A shock serpent (D)
  3 goliath frogs (D)
  A sea snake (D)
  A pharaoh ant (D)
  A glowing orange brain (D)
  A wizard (D)
  An orb spider (D)
  An ironbound convoker (D)
  A harpy (D)
  8 orc knights (D)
  2 will-o-the-wisps (D)
  An ugly thing (D)
  2 wolf spiders (D)
  2 manticores (D)
  A cyclops (D)
  3 black mambas (D)
  An elephant (D)
  A merfolk siren (D)
  A guardian serpent (D)
  A water nymph (D)
  2 vault sentinels (D)
  A gargoyle (D)
  2 naga magi (D)
  2 cane toads (D)
  2 komodo dragons (D)
  A freezing wraith (D)
  A rime drake (D)
  A tengu conjurer (D)
  A merfolk (D)
  A polar bear (D)
  A blink frog (D)
  A slime creature (D)
  A hornet (D)
  A tyrant leech (D)
  A snapping turtle (D)
  A jumping spider (D)
  A culicivora (D)
  A spriggan (D)
  A wraith (D)
  A wyvern (D)
  3 yaks (D)
  A basilisk (D)
  3 water moccasins (D)
  6 orc warriors (D)
  2 wolves (D)
  2 bullfrogs (D)
  2 scorpions (D)
  A wight (D)
  3 orc priests (D)
  2 iguanas (D)
  8 orc wizards (D)
  An ufetubus (D)
  7 orcs (D)
  A ball python (D)
  A giant cockroach (D)
  A kobold (D)
  A bat (D)
  A frilled lizard (D)
157 creatures vanquished.

Vanquished Creatures (collateral kills)
  A great orb of eyes (D)
  A centaur warrior (D)
  A death knight (D)
  An orc high priest (D)
  A glowing orange brain (D)
  An orc knight (D)
  An efreet (D)
  An orc warrior (D)
  An adder simulacrum (D)
  A bat simulacrum (D)
10 creatures vanquished.

Vanquished Creatures (others)
  3 foxfires (D)
3 creatures vanquished.

Grand Total: 170 creatures vanquished

Notes
Turn   | Place    | Note
-------+----------+-------------------------------------------
     0 | D        | mhtbhm the Merfolk Berserker began the quest for the Orb.
     0 | D        | Reached XP level 1. HP: 18/18 MP: 1/1
    13 | D        | Reached ** piety under Trog
    17 | D        | Reached skill level 5 in Polearms
   140 | D        | Noticed a scorpion
   140 | D        | Noticed an iguana
   140 | D        | Noticed an iguana
   140 | D        | Noticed an orc wizard
   144 | D        | Killed an orc wizard
   145 | D        | Reached skill level 5 in Fighting
   145 | D        | Reached XP level 2. HP: 27/27 MP: 2/2
   145 | D        | Reached XP level 3. HP: 33/33 MP: 3/3
   147 | D        | Reached *** piety under Trog
   148 | D        | Reached XP level 4. HP: 40/40 MP: 4/4
   157 | D        | Killed a scorpion
   158 | D        | Reached skill level 5 in Dodging
   158 | D        | Reached XP level 5. HP: 48/48 MP: 5/5
   164 | D        | Found a snail-covered altar of Cheibriados.
   164 | D        | Found a shadowy altar of Dithmenos.
   164 | D        | Found a white marble altar of Elyvilon.
   164 | D        | Found a blossoming altar of Fedhas.
   164 | D        | Found an opulent altar of Gozag.
   165 | D        | Found a hazy altar of Hepliaklqana.
   166 | D        | Found a viscous altar of Jiyva.
   167 | D        | Found an ancient bone altar of Kikubaaqudgha.
   168 | D        | Found a corrupted altar of Lugonu.
   169 | D        | Found a burning altar of Makhleb.
   170 | D        | Found a sparkling altar of Nemelex Xobeh.
   171 | D        | Found an iron altar of Okawaru.
   172 | D        | Found a stormy altar of Qazlal.
   173 | D        | Found a sacrificial altar of Ru.
   174 | D        | Found a shimmering blue altar of Sif Muna.
   175 | D        | Found a bloodstained altar of Trog.
   176 | D        | Found a hide-covered altar of Uskayaw.
   177 | D        | Found a radiant altar of Vehumet.
   178 | D        | Found an ornate altar of the Wu Jian Council.
   179 | D        | Found a shimmering altar of Xom.
   180 | D        | Found a basalt altar of Yredelemnul.
   181 | D        | Found a glowing silver altar of Zin.
   182 | D        | Found a glowing golden altar of the Shining One.
   281 | D        | Noticed a two-headed ogre
   281 | D        | Noticed a komodo dragon
   281 | D        | Noticed a yak
   287 | D        | Killed a yak
   287 | D        | Reached **** piety under Trog
   288 | D        | Reached XP level 6. HP: 57/57 MP: 6/6
   292 | D        | Killed a komodo dragon
   293 | D        | Reached skill level 10 in Fighting
   293 | D        | Reached XP level 7. HP: 66/66 MP: 7/7
   297 | D        | Killed a two-headed ogre
   298 | D        | Reached XP level 8. HP: 61/75 MP: 8/8
   298 | D        | Reached ***** piety under Trog
   448 | D        | Noticed a rakshasa
   448 | D        | Noticed a two-headed ogre
   448 | D        | Noticed a gargoyle
   448 | D        | Noticed a manticore
   448 | D        | Noticed a wraith
   448 | D        | Noticed a cyclops
   452 | D        | Killed a cyclops
   455 | D        | Killed a wraith
   456 | D        | Reached XP level 9. HP: 82/82 MP: 9/9
   460 | D        | Killed a manticore
   461 | D        | Reached skill level 5 in Armour
   471 | D        | Killed a gargoyle
   471 | D        | Received a gift from Trog
   472 | D        | Reached skill level 10 in Dodging
   475 | D        | Killed a two-headed ogre
   490 | D        | Killed a rakshasa
   491 | D        | Reached XP level 10. HP: 25/93 MP: 10/10
   873 | D        | Received a gift from Trog
   874 | D        | Reached skill level 1 in Evocations
   874 | D        | Noticed a cane toad
   880 | D        | Killed a cane toad
   919 | D        | Noticed a cane toad
   919 | D        | Noticed an elephant
   925 | D        | Noticed a black mamba
   927 | D        | Received a gift from Trog
   933 | D        | Reached skill level 15 in Fighting
   935 | D        | Killed an elephant
   935 | D        | Reached ****** piety under Trog
   938 | D        | Killed a cane toad
   943 | D        | Killed a black mamba
   944 | D        | Reached XP level 11. HP: 57/103 MP: 11/11
  1113 | D        | Noticed a death yak
  1113 | D        | Noticed a death yak
  1113 | D        | Noticed a catoblepas
  1113 | D        | Noticed a death yak
  1113 | D        | Noticed a death yak
  1115 | D        | Noticed a death yak
  1118 | D        | Killed a death yak
  1123 | D        | Noticed a death yak
  1125 | D        | Killed a death yak
  1132 | D        | Killed a catoblepas
  1132 | D        | Received a gift from Trog
  1141 | D        | Killed a death yak
  1144 | D        | Killed a death yak
  1148 | D        | Killed a death yak
  1153 | D        | Killed a death yak
  1562 | D        | Received a gift from Trog
  1581 | D        | Received a gift from Trog
  1766 | D        | Noticed an orc knight
  1777 | D        | Noticed an orc knight
  1781 | D        | Killed an orc knight
  1882 | D        | Received a gift from Trog
  1947 | D        | Killed an orc knight
  2319 | D        | Found Gulavah's General Store.
  2319 | D        | Noticed an orc knight
  2319 | D        | Noticed an orc knight
  2319 | D        | Noticed an orc high priest
  2319 | D        | Noticed an orc knight
  2319 | D        | Noticed an orc high priest
  2320 | D        | Noticed an orc high priest
  2325 | D        | Killed an orc high priest
  2326 | D        | Reached skill level 1 in Stealth
  2326 | D        | Reached XP level 12. HP: 116/116 MP: 12/12
  2331 | D        | Identified the +7 halberd of the Extremes {antimagic, rF++
                  | rN+} (Trog gifted it to you in the Dungeon)
  2331 | D        | Received a gift from Trog
  2337 | D        | Killed an orc high priest
  2347 | D        | Reached skill level 10 in Armour
  2353 | D        | Killed an orc high priest
  2368 | D        | Identified the +5 trident of the Final Chapter {vorpal, rF+
                  | Will+ Dex+5 Stlth+} (Trog gifted it to you in the Dungeon)
  2368 | D        | Received a gift from Trog
  2744 | D        | Found Bioliess's Antique Armour Shop.
  2748 | D        | Found Enekhivu's Weapon Boutique.
  2752 | D        | Found Yqozxati's Magic Scroll Shop.
  2755 | D        | Noticed an orc high priest
  2756 | D        | Noticed an orc high priest
  2757 | D        | Noticed an orc high priest
  2763 | D        | Killed an orc high priest
  2766 | D        | Killed an orc high priest
  2771 | D        | Killed an orc high priest
  2822 | D        | Bought a scorched scale mail for 216 gold pieces
  2822 | D        | Identified the +2 scale mail "Konuwarch" {rC- rN++ Will+
                  | rCorr} (You bought it in a shop in the Dungeon)
  2830 | D        | Bought a potion of curing for 30 gold pieces
  2830 | D        | Bought a scroll of identify for 20 gold pieces
  2830 | D        | Bought a scroll of identify for 20 gold pieces
  2830 | D        | Bought a scroll of fog for 20 gold pieces
  2836 | D        | Bought a scroll of enchant weapon for 105 gold pieces
  2836 | D        | Bought a scroll of enchant weapon for 105 gold pieces
  2836 | D        | Bought a scroll of magic mapping for 49 gold pieces
  2836 | D        | Bought 3 scrolls of fear for 147 gold pieces
  2836 | D        | Bought a scroll of identify for 28 gold pieces
  2836 | D        | Bought a scroll of enchant weapon for 105 gold pieces
  2842 | D        | Bought a glowing scarf for 192 gold pieces
  2844 | D        | Bought a +2 scale mail of poison resistance for 180 gold
                  | pieces
  3040 | D        | Noticed a centaur warrior
  3040 | D        | Noticed a death knight
  3040 | D        | Noticed a centaur warrior
  3046 | D        | Killed a centaur warrior
  3055 | D        | Noticed an ogre mage
  3072 | D        | Killed a death knight
  3072 | D        | Killed a centaur warrior
  3072 | D        | Received a gift from Trog
  3096 | D        | Killed an ogre mage
  3490 | D        | Noticed a deep troll shaman
  3494 | D        | Killed a deep troll shaman
  3496 | D        | Noticed a fire dragon
  3501 | D        | Reached XP level 13. HP: 129/129 MP: 13/13
  3505 | D        | Killed a fire dragon
  3592 | D        | Noticed a fire dragon
  3598 | D        | Killed a fire dragon
  3603 | D        | Reached skill level 27 in Polearms
  3613 | D        | Received a gift from Trog
  3736 | D        | Noticed an eleionoma
  3736 | D        | Noticed a bunyip
  3742 | D        | Killed an eleionoma
  3750 | D        | Received a gift from Trog
  3761 | D        | Killed a bunyip
  4131 | D        | Reached skill level 5 in Evocations
  4521 | D        | Noticed a naga warrior
  4524 | D        | Killed a naga warrior
  4528 | D        | Received a gift from Trog
  5153 | D        | Received a gift from Trog
  5418 | D        | Noticed an entropy weaver
  5418 | D        | Noticed an entropy weaver
  5423 | D        | Killed an entropy weaver
  5429 | D        | Killed an entropy weaver
  5429 | D        | Received a gift from Trog
  5491 | D        | Killed a ghost moth
  5806 | D        | Received a gift from Trog
  5876 | D        | Reached XP level 14. HP: 145/145 MP: 14/14
  5882 | D        | Received a gift from Trog
  6081 | D        | Received a gift from Trog
  6088 | D        | Reached skill level 5 in Stealth
  6209 | D        | Noticed Agnes
  6213 | D        | Killed Agnes
  6278 | D        | Noticed a stone giant
  6278 | D        | Noticed a stone giant
  6278 | D        | Noticed a spriggan defender
  6278 | D        | Noticed a vampire knight
  6284 | D        | Killed a vampire knight
  6289 | D        | Killed a spriggan defender
  6295 | D        | Killed a stone giant
  6295 | D        | Received a gift from Trog
  6298 | D        | Noticed a green very ugly thing
  6301 | D        | Noticed a stone giant
  6306 | D        | Killed a stone giant
  6307 | D        | Noticed a quicksilver dragon
  6310 | D        | Noticed a white very ugly thing
  6312 | D        | Killed a green very ugly thing
  6555 | D        | Killed a stone giant
  6555 | D        | Received a gift from Trog
  6556 | D        | Noticed a lich
  6559 | D        | Killed a quicksilver dragon
  6567 | D        | Killed a white very ugly thing
  6587 | D        | Killed a lich
  6588 | D        | Reached skill level 15 in Armour
  6589 | D        | Received a gift from Trog
  6780 | D        | Reached skill level 27 in Fighting
  6945 | D        | Noticed a fire giant
  6946 | D        | Noticed a frost giant
  6956 | D        | Killed a fire giant
  6960 | D        | Killed a frost giant
  6960 | D        | Received a gift from Trog
  6961 | D        | Reached skill level 15 in Dodging
  7299 | D        | Noticed an ironbound preserver
  7299 | D        | Noticed a sphinx
  7300 | D        | Noticed an ironbound preserver
  7304 | D        | Killed a sphinx
  7312 | D        | Killed an ironbound preserver
  7314 | D        | Killed an ironbound preserver
  7314 | D        | Identified the +3 glaive of Trog's Outrage {vorpal, *Noise
                  | rElec rN++} (Trog gifted it to you in the Dungeon)
  7314 | D        | Received a gift from Trog
  7320 | D        | Noticed a vault warden
  7328 | D        | Noticed a vault warden
  7330 | D        | Killed a vault warden
  7330 | D        | Received a gift from Trog
  7331 | D        | Reached XP level 15. HP: 144/159 MP: 15/15
  7335 | D        | Noticed a vault warden
  7343 | D        | HP: 3/159 [ironbound thunderhulk/bolt of lightning (47)]
  7343 | D        | Killed from afar by an ironbound thunderhulk

Illustrated notes

Levels and vault maps discovered:
D:        linesprint [early_d, line_temple, items_1, d_10, items_2, lair_1,
          lair_end, items_3, orc_1, orc_end, items_4, d_15, swamp_1, shoals_1,
          snake_1, spider_1, d_20, vaults_1, items_5, swamp_end, shoals_end,
          snake_end, spider_end, vaults_end, d_27, items_6, zot_1, zot_end,
          crypt_end, forest_end, elf_end, slime_end, tomb_end, abyss_end,
          pan_hell_end]

Skill      XL: |  1  2  3  4  5  6  7  8  9 10 11 12 13 14 |
---------------+-------------------------------------------+-----
Dodging        | 4 5 6 7 8 9 10 11 13 16 | 16.7
Fighting       | 5 7 8 10 11 12 13 15 18 20 24 27 | 27.0
Polearms       | 6 7 9 11 13 16 17 20 22 25 26 27 | 27.0
Armour         | 2 3 4 6 7 9 11 13 16 | 16.7
Evocations     | 1 2 3 6 |  6.2
Stealth        | 1 2 4 8 |  8.8

Action                   |  1- 3 |  4- 6 |  7- 9 | 10-12 | 13-15 || total
-------------------------+-------+-------+-------+-------+-------++-------
Melee: Spear             |    19 |    10 |       |       |       ||    29
       Halberd           |       |    10 |    38 |       |       ||    48
       Glaive            |       |       |       |   105 |       ||   105
       Bardiche          |       |       |       |   104 |   277 ||   381
Invok: Berserk           |     1 |     1 |     1 |     5 |     8 ||    16
       Brothers in Arms  |       |       |       |     3 |     3 ||     6
Evoke: Wand              |       |       |     3 |     4 |     4 ||    11
  Use: Potion            |       |       |       |     2 |     3 ||     5
       Scroll            |       |       |       |     2 |     1 ||     3
 Stab: Distracted        |       |       |       |       |     1 ||     1
Armor: Animal skin       |     3 |     1 |       |       |       ||     4
       Chain mail        |       |       |     6 |    43 |       ||    49
       Scale mail        |       |       |       |     6 |    67 ||    73
Dodge: Dodged            |     5 |     3 |     3 |    82 |    97 ||   190

Table legend: (Time is in decaauts)
 A = Elapsed time spent in this place.
 B = Non-inter-level travel time spent in this place.
 C = Inter-level travel time spent in this place.
 D = Time resting spent in this place.
 E = Time spent auto-exploring this place.
 F = Levels seen in this place.
 G = Mean time per level.
                   A        B        C        D        E       F      G
               +--------+--------+--------+--------+--------+-----+--------+
         Total |   7334 |   7334 |      0 |   3576 |   2019 |   1 | 7334.0 |
       Dungeon |   7334 |   7334 |      0 |   3576 |   2019 |   1 | 7334.0 |
               +--------+--------+--------+--------+--------+-----+--------+

Top non-repeatable levels by time:
       D: 7334 daAuts
